 Seeded DCSS version 0.31-a0-222-gefeffbb62a (webtiles) character file.

Game seed: 5128704103679583188 (custom seed)

72 innerfire43 the Trooper (level 4, 0/37 HPs)
             Began as a Demonspawn Monk on July 5, 2023.
             Was a Priest of Fedhas.
             Killed by divine providence
             ... invoked by an orc priest
              (8 damage)
             ... on level 2 of the Dungeon.
             The game lasted 00:01:23 (1707 turns).

innerfire43 the Trooper (Demonspawn Monk)           Turns: 1707, Time: 00:01:24

Health: 0/37       AC:  4    Str: 13    XL:     4   Next: 6%
Magic:  4/4        EV: 13    Int: 12    God:    Fedhas [***...]
Gold:   33         SH:  0    Dex: 15    Spells: 3/3 levels left

rFire   . . .        a - +0 hand axe
rCold   . . .        d - orb {light}
rNeg    . . .        b - +0 robe
rPois   .            (no helmet)
rElec   .            (no cloak)
rCorr   .            (no gloves)
SInv    .            (no boots)
Will    +....        (no amulet)
Stlth   +            (no ring)
HPRegen 0.26/turn    (no ring)
MPRegen 0.09/turn

%: no passive effects
@: enlightened, flying, glowing
A: claws 1, yellow scales 1
a: Renounce Religion, Wall of Briars, Grow Ballistomycete


You were on level 2 of the Dungeon.
You worshipped Fedhas.
Fedhas was most pleased with you.
You visited 1 branch of the dungeon, and saw 2 of its levels.

You collected 33 gold pieces.

Inventory:

Hand Weapons
 a - a +0 hand axe (weapon)
Armour
 b - a +0 robe (worn)
 d - an orb of light (worn)
Scrolls
 e - 2 scrolls of fear {unknown}
 g - a scroll of amnesia {unknown}
 h - a scroll of brand weapon {unknown}
 i - a scroll of poison {unknown}
 j - a scroll of enchant weapon {unknown}
 k - 5 scrolls of teleportation {unknown}
 l - a scroll of enchant armour {unknown}
Potions
 c - a potion of ambrosia
 f - 2 potions of degeneration {unknown}


   Skills:
 + Level 3.8 Fighting
 + Level 3.3 Axes
 + Level 3.3 Dodging


You had 3 spell levels left.
You didn't know any spells.
Your spell library contained the following spells:

 Spells                   Type           Power      Damage    Failure   Level
 Summon Ice Beast         Ice/Summ       0%         N/A       97%         4
 Summon Mana Viper        Hex/Summ       0%         N/A       100%        5
 Monstrous Menagerie      Summ           0%         N/A       100%        7


Dungeon Overview and Level Annotations

Branches:
Dungeon (2/15)

Altars:
Fedhas


Innate Abilities, Weirdness & Mutations

You have sharp fingernails.
You are partially covered in yellow scales. (AC +2)


Message History

The orc barely misses you.
You bump into the rock wall.
The orc hits you but does no damage.
The orc priest hits you with a +0 dagger.
The orc hits you but does no damage. The orc hits you with a +0 club.
Unknown command.
Unknown command.
You hit the orc.
The orc is heavily wounded.
You barely miss the orc priest. You completely miss the orc.
You barely miss the orc.
You feel less invigorated.
You feel less confused. The orc closely misses you.
The orc priest hits you but does no damage.
The orc hits you with a +0 club. The orc misses you.
You slash the orc!
You kill the orc!
Fedhas appreciates your contribution to the ecosystem.
You hit the orc priest but do no damage.
You barely miss the orc. You hit the orc.
The orc hits you with a +0 whip of pain.
You writhe in agony.
The orc priest calls down the wrath of Beogh upon you.
Pain shoots through your body! The orc hits you but does no damage.
You hit the orc.
The orc is severely wounded.
You barely miss the orc priest. You barely miss the orc. You hit the orc.
The orc misses you.
The orc priest hits you with a +0 dagger.
* * * LOW HITPOINT WARNING * * *
The orc hits you with a +0 short sword.
* * * LOW HITPOINT WARNING * * *
The orc misses you.
You hit the orc.
You kill the orc!
Fedhas appreciates your contribution to the ecosystem.
You hit the orc priest. You hit the orc. You hit the orc but do no damage.
The orc priest invokes the aid of Beogh against you.
Beogh smites you!
You die...
Fedhas appreciates your contribution to the ecosystem.

#.....##....####....
###...##...##.# ...
#....#........# ..
##...#.#..##.... .
#....#..#........
#...#......##....
#...#..#.........
#...#.o.#.#........
#...#.#@oJ#...
#..#..#)o......
#..#..........#
#....#........!
##.....###### ##...#
#...# ###.##


You could see an orc priest, 2 orcs and an endoplasm.

Vanquished Creatures
  A gnoll (D:1)
  A dart slug (D:1)
  2 orcs (D:2)
  5 ball pythons
  4 bats
  10 endoplasms
  3 giant cockroaches (D:1)
  7 goblins
  3 hobgoblins (D:1)
  4 jackals (D:1)
  2 kobolds (D:1)
  A quokka (D:1)
  2 frilled lizards
  4 rats (D:1)
49 creatures vanquished.

Notes
Turn   | Place    | Note
-------+----------+-------------------------------------------
     0 | D:1      | innerfire43 the Demonspawn Monk began the quest for the
                  | Orb.
     0 | D:1      | Reached XP level 1. HP: 18/18 MP: 1/1
   213 | D:1      | Gained mutation: You have sharp fingernails. [demonic
                  | ancestry]
   213 | D:1      | Reached XP level 2. HP: 20/24 MP: 2/2
   586 | D:1      | Gained mutation: You are partially covered in yellow
                  | scales. (AC +2) [demonic ancestry]
   586 | D:1      | Reached XP level 3. HP: 12/29 MP: 3/3
   752 | D:1      | Found a faded altar of an unknown god.
   770 | D:1      | Prayed at the altar of an unknown god.
   770 | D:1      | Became a worshipper of Fedhas Madash
   770 | D:1      | Reached * piety under Fedhas
   770 | D:1      | Reached ** piety under Fedhas
  1246 | D:1      | Reached *** piety under Fedhas
  1670 | D:2      | Reached XP level 4. HP: 37/37 MP: 4/4
  1707 | D:2      | Killed from afar by an orc priest

Illustrated notes

Levels and vault maps discovered:
D:1:      saegor_arrival_miasma, layout_basic,
          hellmonk_ecumenical_altar_defaced_shrine, minmay_three_crescents
D:2:      layout_basic, serial_shops, nicolae_shop_gibbet_a_chance, st_stairs_1,
          hangedman_decor_peaks_small, serial_park_tiny_2, serial_bayou_ford_a

Skill      XL: |  1  2 |
---------------+-------+-----
Axes           | 3 |  3.3
Dodging        | 3 |  3.3
Fighting       | |  3.8

Action                     |  1- 3 |  4- 6 || total
---------------------------+-------+-------++-------
  Melee: Hand axe          |   110 |     7 ||   117
    Use: Potion            |       |     2 ||     2
 Armour: Robe              |    21 |     7 ||    28
  Dodge: Dodged            |    78 |    12 ||    90

Table legend: (Time is in decaauts)
 A = Elapsed time spent in this place.
 B = Non-inter-level travel time spent in this place.
 C = Inter-level travel time spent in this place.
 D = Time resting spent in this place.
 E = Time spent auto-exploring this place.
 F = Levels seen in this place.
 G = Mean time per level.
                   A        B        C        D        E       F      G
               +--------+--------+--------+--------+--------+-----+--------+
         Total |   1723 |   1708 |     15 |      0 |   1429 |   2 |  861.5 |
       Dungeon |   1723 |   1708 |     15 |      0 |   1429 |   2 |  861.5 |
               +--------+--------+--------+--------+--------+-----+--------+

Top non-repeatable levels by time:
     D:1: 1510 daAuts
     D:2: 212 daAuts
